Map: Flooded City

Players

Odin

  • Race: Protoss Protoss
  • League: Gold
  • Spawn Location: 12:00

keyser

  • Race: Terran Terran
  • Spawn Location: 12:00

deathCount

  • Race: Zerg Zerg
  • League: Platinum
  • Spawn Location: 6:00

superhiero

  • Race: Terran Terran
  • League: Diamond
  • Spawn Location: 6:00

VOD

Have the link to the VOD?

Description

Time

  • Played on: Aug. 29, 2018, 7:27 a.m.
  • Length: 8:33
Show
View Real Time Build Order
Export as new Build Order

Odin Protoss 

Build Orders:  

Get SALT Encoding   

  12  0:16  Probe  
  12  0:17  Pylon  
  13  0:38  Gateway  
  13  0:46  Probe  
  14  0:55  Assimilator  
  14  0:58  Probe  
  14  1:03  Gateway  
  15  1:06  Probe  
  16  1:14  Probe  
  16  1:25  Probe  
  17  1:26  Cybernetics Core  
  17  1:32  Pylon  
  18  1:39  Assimilator  
  18  1:58  Probe  
  19  2:04  Warp Gate  
  19  2:10  Probe  
  19  2:12  Robotics Facility  
  20  2:22  Probe  
  21  2:25  Adept  
  21  2:34  Adept, Probe  
  26  3:10  Immortal  
  26  3:11  Probe  
  31  3:43  Pylon  
  31  3:44  Gateway  
  31  3:45  Gateway  
  31  3:49  Nexus  
  31  4:09  Immortal  
  35  4:13  Pylon  
  35  4:14  Pylon  
  35  4:25  Adept  
  37  4:35  Adept  
  39  4:51  Immortal, Sentry  
  41  4:53  Sentry  
  41  4:54  Sentry  
  41  4:57  Sentry  
  51  5:21  Stalker x2  
  23  6:07  Stalker x4  
  31  6:36  Adept x4  
  33  7:03  Immortal  
  37  7:11  Probe x2  
  39  7:22  Probe  
  39  7:23  Probe  
  41  7:31  Probe  
  41  7:36  Probe  
  43  7:37  Adept x3  
  43  7:39  Probe  
  50  7:48  Probe  
  50  7:50  Probe  
  52  8:00  Probe  
  52  8:02  Probe  
  54  8:12  Forge  
Show
View Real Time Build Order
Export as new Build Order

keyser Terran 

Build Orders: MMM Bio 

Get SALT Encoding   

  12  0:02  SCV  
  13  0:15  Supply Depot  
  13  0:18  SCV  
  14  0:30  SCV  
  15  0:38  Barracks  
  15  0:44  SCV  
  15  0:49  Refinery  
  16  0:59  SCV  
  17  1:11  SCV  
  18  1:26  Orbital Command  
  18  1:37  Reaper  
  18  1:39  Refinery  
  19  1:56  SCV  
  20  2:14  Factory  
  20  2:18  Barracks Tech Lab  
  20  2:37  SCV  
  20  2:49  SCV  
  19  3:03  Marine  
  20  3:06  Stimpack  
  20  3:20  Marine  
  21  3:34  Command Center  
  21  3:35  SCV  
  21  3:36  Factory Tech Lab  
  21  3:38  Marine, Starport  
  23  3:49  Barracks  
  23  3:50  Barracks  
  23  4:09  Supply Depot  
  23  4:11  Supply Depot  
  22  4:34  Siege Tank  
  25  4:38  Starport Reactor  
  25  4:48  Barracks Tech Lab  
  25  4:49  Barracks Reactor  
  25  5:00  Orbital Command  
  25  5:07  Combat Shields  
  25  5:08  SCV  
  25  5:11  Siege Tank  
  25  5:13  Marine  
  25  5:14  Marine  
  31  5:20  SCV  
  32  5:25  Marine x2  
  34  5:31  Marine x2  
  34  5:32  SCV  
  37  5:43  Marine x2  
  37  5:44  SCV  
  37  5:49  Marine x2  
  42  5:53  SCV  
  42  5:54  Orbital Command  
  42  5:56  SCV  
  44  6:00  Marine  
  44  6:01  Marine  
  46  6:07  Marine x2  
  48  6:18  Marine x2, Medivac x2  
  54  6:27  Engineering Bay  
  54  6:41  Marine  
  54  6:43  Marine  
  54  6:44  Marine x2  
  46  6:59  Marine  
  46  7:00  Marine  
  50  7:01  Marine x2  
  50  7:06  Siege Tank  
  53  7:16  SCV  
  54  7:54  Supply Depot  
  54  7:55  Supply Depot  
  54  7:56  Supply Depot  
  54  7:57  Supply Depot  
  54  7:58  Supply Depot  
  54  8:16  SCV  
Show
View Real Time Build Order
Export as new Build Order

deathCount Zerg 

Build Orders: Pool First 

Get SALT Encoding   

  12  0:01  Drone  
  13  0:10  Drone  
  14  0:23  Overlord  
  14  0:38  Spawning Pool  
  13  0:55  Drone x3  
  16  1:19  Drone  
  16  1:20  Hatchery  
  16  1:23  Drone  
  17  1:37  Queen  
  17  1:39  Zergling x2  
  20  1:40  Drone  
  21  1:49  Overlord  
  21  2:13  Drone  
  21  2:14  Drone  
  23  2:15  Queen  
  23  2:21  Extractor  
  24  2:32  Drone x2  
  24  2:36  Queen  
  26  2:41  Drone  
  29  2:56  Drone x2  
  29  2:57  Overlord  
  31  2:58  Drone  
  31  2:59  Drone x2  
  31  3:02  Roach Warren  
  31  3:04  Zergling x2  
  34  3:14  Zergling x2  
  35  3:24  Metabolic Boost  
  35  3:26  Drone x4  
  39  3:31  Drone x2  
  41  3:35  Extractor  
  40  3:46  Drone x3  
  40  3:47  Drone, Overlord x2  
  44  4:01  Overlord x2  
  44  4:03  Lair  
  44  4:11  Roach  
  44  4:13  Zergling x2  
  44  4:14  Zergling x4  
  49  4:27  Zergling x6  
  52  4:36  Drone x4  
  52  4:37  Extractor  
  55  4:47  Overlord  
  55  4:48  Roach  
  57  4:58  Drone x4  
  61  5:02  Extractor  
  60  5:22  Glial Reconstitution  
  60  5:24  Hydralisk Den  
  60  5:28  Roach x8  
  73  5:29  Roach  
  71  6:23  Hydralisk x2  
  71  6:24  Hydralisk x4  
  83  6:29  Evolution Chamber  
  83  6:30  Overlord x3  
  83  6:31  Evolution Chamber  
  58  6:49  Zergling x8  
  60  6:59  Drone x2  
  62  7:03  Muscular Augments  
  62  7:22  Roach x3  
  68  7:24  Roach x2  
  68  7:27  Hatchery  
  71  7:34  Roach x5  
  81  7:43  Baneling Nest  
  80  7:48  Drone x2  
  82  7:52  Queen  
  84  8:08  Drone x5  
Show
View Real Time Build Order
Export as new Build Order

superhiero Terran 

Build Orders: Reaper Expand 

Get SALT Encoding   

  12  0:01  SCV  
  13  0:13  SCV  
  14  0:23  Supply Depot  
  14  0:25  SCV  
  15  0:31  Refinery  
  15  0:44  SCV  
  16  0:50  Barracks  
  16  0:56  SCV  
  17  1:10  SCV  
  18  1:23  SCV  
  19  1:37  Orbital Command  
  19  1:39  Reaper  
  20  1:51  Command Center  
  20  2:04  SCV  
  20  2:06  Supply Depot  
  21  2:18  SCV  
  21  2:21  Refinery  
  22  2:29  Barracks Reactor  
  22  2:30  Factory  
  22  2:33  Supply Depot  
  22  2:52  SCV  
  23  3:06  Orbital Command  
  23  3:11  SCV  
  24  3:14  Supply Depot  
  24  3:17  Starport  
  24  3:25  Cyclone  
  24  3:26  Marine  
  28  3:27  Hellion  
  28  3:33  SCV  
  31  3:34  Refinery  
  31  3:37  SCV  
  32  3:41  Refinery  
  32  3:49  Marine  
  33  3:57  Starport Reactor  
  33  4:00  Barracks  
  33  4:09  Cyclone  
  39  4:10  Cyclone, Marine  
  39  4:12  SCV x2  
  42  4:27  SCV x2  
  44  4:34  Marine  
  44  4:36  Medivac x2  
  49  4:39  SCV x2  
  51  4:51  SCV x2  
  53  4:53  Barracks Tech Lab  
  53  4:54  Barracks Reactor  
  53  5:03  Cyclone x2, SCV x2  
  61  5:25  SCV  
  62  5:29  Supply Depot  
  62  5:30  Supply Depot  
  62  5:31  Engineering Bay, Stimpack  
  62  5:32  SCV  
  62  5:51  Marine x3  
  62  5:56  Cyclone x2  
  66  5:57  Medivac x2  
  67  6:09  Marine  
  68  6:14  SCV x2  
  68  6:16  Terran Infantry Weapons Level 1, Marine  
  68  6:17  Marine  
  72  6:24  Barracks  
  72  6:26  Supply Depot  
  72  6:27  Barracks  
  72  6:46  Marine  
  72  6:47  Marine x2  
  68  6:50  Cyclone  
  60  7:00  Medivac x2  
  61  7:01  SCV x2  
  61  7:04  Marine x2  
  65  7:14  Barracks Reactor, Barracks Tech Lab  
  65  7:18  Marauder  
  67  7:26  SCV x2  
  67  7:27  Supply Depot  
  67  7:28  Marine  
  67  7:29  Marine  
  71  7:30  Cyclone x2  
  71  7:35  Marauder  
  71  7:36  Medivac x2  
  83  7:44  SCV x2  
  83  7:47  Concussive Shells  
  85  8:07  Command Center  
  85  8:11  Marauder x2, Marine x2  
  85  8:12  Marine  
  92  8:13  Marine  
Tags
 
Add a new tag
Caveats
  • Supply blocks, unpowered buildings, or Contaminate may cause inaccurate times.
  • Supply counts are checked every 10 seconds.